 Dungeon Crawl Stone Soup version 0.20.1-1-g8b1a95d (webtiles) character file.

114 Irenicus the Insei (level 4, 0/31 HPs)
             Began as an Octopode Chaos Knight on Oct 27, 2017.
             Slain by a jackal (3 damage)
             ... on level 3 of the Dungeon.
             The game lasted 00:05:15 (1805 turns).

Irenicus the Insei (Octopode Chaos Knight)          Turns: 1805, Time: 00:05:16

Health: 0/31       AC:  1    Str: 11    XL:     4   Next: 98%
Magic:  4/4        EV: 13    Int: 14    God:    Xom [*.....]
Gold:   104        SH:  0    Dex: 12    Spells: 3/3 levels left

rFire    + . .     SeeInvis .     - Unarmed
rCold    . . .     Gourm    .   (no shield)
rNeg     . . .     Faith    .   (helmet restricted)
rPois    .         Spirit   .   (no amulet)
rElec    .         Reflect  .   c - ring of wizardry
rCorr    .         Harm     .   o - ring of protection from fire
MR       .....                  (no ring)
Stlth    ++........             (no ring)
Regen    0.1/turn               (no ring)
MPRegen  0.1/turn               (no ring)
                                (no ring)
                                (no ring)

@: no status effects
A: almost no armour, stealthy swim, amphibious, 8 rings, constrict 8, camouflage
1, gelatinous body 1
a: Renounce Religion


You were on level 3 of the Dungeon.
You worshipped Xom.
You were a special plaything of Xom.
You were hungry.

You visited 1 branch of the dungeon, and saw 4 of its levels.

You collected 104 gold pieces.

Inventory:

Jewellery
 c - a ring of wizardry (left tentacle)
 o - a ring of protection from fire (right tentacle)
Scrolls
 b - a scroll of recharging {unknown}
 d - 2 scrolls of teleportation {unknown}
 h - 2 scrolls of enchant weapon {unknown}
 k - 2 scrolls of remove curse {unknown}
 n - 4 scrolls of identify {unknown}
Potions
 f - a potion of resistance {unknown}
 g - a potion of berserk rage {unknown}
 j - a potion of brilliance {unknown}
 l - a potion of curing {unknown}
Comestibles
 a - a bread ration
 i - 8 fruits
 m - a royal jelly


   Skills:
 - Level 3.0 Fighting
 - Level 2.3 Dodging
 + Level 5.5 Unarmed Combat


You had 3 spell levels left.
You didn't know any spells.

Dungeon Overview and Level Annotations

Branches:
Dungeon (4/15)
 Temple: D:4-7

Altars:
Xom

Annotations:
D:3 Frank's ghost, amateur OpFi


Innate Abilities, Weirdness & Mutations

You cannot wear most types of armour.
You are very stealthy in the water. (Stealth+)
You are amphibious.
You can wear up to eight rings at the same time.
You can use your tentacles to constrict eight enemies at once.
Your skin changes colour to match your surroundings (Stealth+).
Your rubbery body absorbs attacks. (AC +1, EV +1)


Message History

You closely miss the jackal.
The jackal barks!
Your grab misses the jackal.
You feel sick. The jackal bites you.
* * * LOW HITPOINT WARNING * * *
A jackal comes into view.
The jackal bites you.
* * * LOW HITPOINT WARNING * * *
You barely miss the jackal. Your grab misses the jackal. The jackal misses you.
You feel sick.
You are no longer poisoned.
You bludgeon the jackal!
You kill the jackal!
You barely miss the jackal. You grab the jackal.
You tentacle-slap the jackal, but do no damage.
You constrict the jackal. The jackal bites you.
* * * LOW HITPOINT WARNING * * *
The jackal barks!
The jackal bites you.
You die... "This toy is broken."

#.###.## #####.#$...
.?.#h.... #.....#
#.$...# #.....# #.#
#..h..# #.# ###h###
#.# #@# #.# ##'## #.#
##...## #.# ##.....##
####.# ##)......##
##.##.#
#....(....####.....###
+.........'...........
#.........####....####
##.......## ##.#.#


You could see 3 jackals.

Vanquished Creatures
  An orc priest (D:3)
  4 adders (D:3)
  A dart slug (D:4)
  A leopard gecko (D:1)
  3 orcs (D:3)
  A giant cockroach (D:1)
  4 goblins
  8 hobgoblins
  4 jackals
  7 kobolds
  3 bats
  3 frilled lizards
  A leopard gecko skeleton (D:4)
  2 rats (D:2)
43 creatures vanquished.

Notes
Turn   | Place    | Note
-------+----------+-------------------------------------------
     0 | D:1      | Irenicus the Octopode Chaos Knight began the quest for the Orb.
     0 | D:1      | Reached XP level 1. HP: 16/16 MP: 1/1
   211 | D:1      | Reached XP level 2. HP: 21/21 MP: 2/2
   236 | D:1      | XOM: divination: magic mapping
   554 | D:1      | Found a shimmering altar of Xom.
   588 | D:1      | XOM: silly message
   836 | D:2      | XOM: divination: detect creatures
   923 | D:2      | XOM: noise
   925 | D:2      | Reached skill level 4 in Unarmed Combat
  1050 | D:2      | Reached XP level 3. HP: 26/26 MP: 3/3
  1077 | D:2      | XOM: noise
  1306 | D:3      | Noticed Frank's ghost (amateur OpFi)
  1509 | D:3      | Reached XP level 4. HP: 31/31 MP: 4/4
  1511 | D:3      | Reached skill level 5 in Unarmed Combat
  1734 | D:3      | XOM: harmless Fire miscast
  1805 | D:3      | Slain by a jackal

Skill      XL: |  1  2  3  4 |
---------------+-------------+-----
Unarmed Combat | 4 5 |  5.5
Fighting       | |  3.0
Dodging        | |  2.3

Action                   |  1- 3 |  4- 6 || total
-------------------------+-------+-------++-------
Melee: Unarmed           |    57 |    41 ||    98
       Constrict         |    19 |     7 ||    26
       Tentacles         |    13 |     4 ||    17
       Punch             |     2 |     2 ||     4
  Use: Potion            |     3 |       ||     3
 Stab: Sleeping          |     3 |       ||     3
  Eat: Chunk             |     2 |       ||     2
Armor: Skin              |     4 |     3 ||     7
Dodge: Dodged            |    48 |    17 ||    65
